Map: [ESL] Inside and Out

Players

ShoWTimE - Winner!

  • Race: Protoss Protoss
  • Spawn Location: 7:00

Spirit

  • Race: Terran Terran
  • Spawn Location: 1:00

Event: DreamHack SC2 Masters 2022 Atlanta (Online)

VOD

Have the link to the VOD?

Description

Time

  • Played on: Oct. 13, 2022, 11:55 a.m.
  • Length: 22:27

All games in this series

Show
View Real Time Build Order
Export as new Build Order

ShoWTimE Protoss - Winner!

Build Orders: 1 Gate Expand, Blink Stalkers 

Get SALT Encoding   

  12  0:00  Probe  
  13  0:12  Probe  
  14  0:16  Pylon  
  14  0:24  Probe (Chrono Boost)  
  15  0:35  Gateway  
  15  0:36  Probe (Chrono Boost)  
  16  0:45  Probe (Chrono Boost)  
  16  0:46  Assimilator  
  17  0:50  Probe  
  18  1:03  Probe  
  19  1:15  Probe  
  20  1:21  Nexus  
  20  1:31  Cybernetics Core  
  20  1:34  Probe  
  20  1:39  Assimilator  
  21  1:46  Probe  
  22  1:49  Pylon  
  22  1:58  Probe  
  23  2:04  Adept (Chrono Boost)  
  23  2:07  Warp Gate  
  25  2:10  Probe  
  26  2:19  Twilight Council  
  27  2:23  Probe (Chrono Boost)  
  27  2:25  Stalker (Chrono Boost)  
  29  2:33  Probe (Chrono Boost)  
  31  2:40  Probe (Chrono Boost)  
  31  2:42  Probe (Chrono Boost)  
  32  2:47  Probe x2 (Chrono Boost)  
  32  2:50  Blink (Chrono Boost)  
  34  2:58  Probe  
  34  2:59  Probe  
  34  3:02  Stalker  
  38  3:09  Gateway  
  38  3:11  Probe  
  38  3:12  Probe  
  40  3:20  Robotics Facility  
  40  3:23  Probe  
  40  3:24  Probe  
  42  3:29  Pylon  
  42  3:35  Probe  
  42  3:36  Probe  
  44  3:47  Nexus  
  44  3:48  Probe  
  44  3:50  Probe  
  46  3:57  Stalker  
  46  3:58  Pylon  
  48  4:03  Stalker  
  48  4:04  Probe  
  48  4:05  Probe  
  48  4:08  Observer  
  53  4:13  Assimilator  
  53  4:16  Probe  
  54  4:17  Assimilator  
  54  4:18  Probe  
  55  4:27  Stalker  
  55  4:28  Probe  
  55  4:30  Probe  
  57  4:35  Observer  
  56  4:40  Stalker  
  58  4:49  Probe, Pylon  
  58  4:51  Probe  
  60  4:56  Observer  
  61  5:01  Probe  
  61  5:03  Stalker  
  61  5:05  Stalker  
  66  5:07  Probe (Chrono Boost)  
  66  5:17  Probe (Chrono Boost)  
  69  5:22  Shield Battery  
  69  5:24  Shield Battery  
  65  5:29  Stalker x2  
  69  5:40  Probe  
  56  5:51  Probe (Chrono Boost)  
  56  5:52  Stalker x2  
  56  5:54  Probe (Chrono Boost)  
  60  6:00  Probe (Chrono Boost)  
  60  6:03  Probe (Chrono Boost)  
  62  6:04  Probe (Chrono Boost)  
  62  6:07  Robotics Bay, Probe (Chrono Boost)  
  62  6:08  Probe (Chrono Boost)  
  64  6:13  Probe, Forge  
  66  6:18  Probe  
  66  6:20  Probe  
  66  6:25  Probe  
  68  6:30  Probe  
  69  6:33  Probe  
  69  6:37  Probe  
  69  6:38  Stalker x2  
  71  6:42  Probe (Chrono Boost)  
  71  6:44  Protoss Ground Weapons Level 1 (Chrono Boost)  
  71  6:45  Colossus, Probe (Chrono Boost)  
  71  6:49  Gateway, Probe (Chrono Boost)  
  71  6:51  Gateway  
  70  6:55  Extended Thermal Lance (Chrono Boost), Probe (Chrono Boost)  
  70  6:57  Probe (Chrono Boost)  
  70  7:00  Charge  
  70  7:01  Probe (Chrono Boost)  
  79  7:03  Probe (Chrono Boost)  
  79  7:05  Probe (Chrono Boost)  
  79  7:06  Probe (Chrono Boost)  
  79  7:07  Pylon  
  79  7:08  Pylon  
  82  7:09  Probe  
  82  7:13  Probe  
  82  7:15  Probe  
  85  7:16  Gateway  
  85  7:17  Gateway  
  85  7:25  Probe x2, Assimilator  
  85  7:27  Gateway  
  85  7:29  Assimilator  
  87  7:31  Gateway  
  87  7:36  Shield Battery, Colossus (Chrono Boost)  
  87  7:40  Sentry x2  
  87  7:41  Observer  
  97  7:45  Photon Cannon  
  97  7:48  Pylon  
  97  7:50  Pylon  
  97  8:04  Zealot x2  
  101  8:07  Photon Cannon  
  101  8:08  Pylon  
  101  8:09  Pylon  
  101  8:13  Pylon  
  101  8:14  Zealot x3  
  101  8:18  Templar Archives  
  101  8:19  Colossus (Chrono Boost)  
  112  8:28  Stalker x3  
  112  8:34  Sentry  
  120  8:36  Zealot x4  
  120  8:40  Protoss Ground Armor Level 1 (Chrono Boost)  
  128  8:44  Forge  
  128  8:45  Shield Battery, Pylon  
  128  8:59  Nexus  
  128  9:03  Warp Prism (Chrono Boost), Photon Cannon  
  128  9:06  Photon Cannon  
  128  9:07  Protoss Ground Weapons Level 2 (Chrono Boost)  
  130  9:11  High Templar x3  
  130  9:12  High Templar  
  130  9:15  Archon  
  130  9:16  Archon  
  138  9:21  Probe  
  138  9:22  Probe x2  
  138  9:23  Pylon  
  141  9:27  Photon Cannon  
  141  9:29  Zealot  
  143  9:32  Phoenix  
  143  9:34  Probe x3  
  146  9:40  High Templar  
  146  9:41  High Templar  
  146  9:42  Zealot  
  152  9:46  Probe x3  
  152  9:47  Archon  
  152  9:49  Pylon  
  152  9:51  Gravitic Drive (Chrono Boost)  
  155  9:53  Pylon  
  155  9:55  Pylon  
  155  10:01  Pylon  
  155  10:02  Pylon  
  155  10:16  High Templar  
  155  10:17  High Templar x3  
  155  10:18  Zealot x4  
  155  10:20  Archon, Photon Cannon  
  171  10:26  Probe x2  
  171  10:27  Photon Cannon  
  170  10:30  Archon  
  147  10:44  Stalker x2  
  147  10:45  Protoss Ground Armor Level 2 (Chrono Boost), Stalker x2  
  151  11:00  Zealot x4  
  154  11:10  Zealot x4  
  148  11:29  Nexus  
  148  11:30  Stalker x4  
  153  11:35  Probe  
  153  11:36  Probe x2  
  156  11:40  Photon Cannon  
  156  11:43  Protoss Ground Weapons Level 3 (Chrono Boost)  
  156  11:52  Stalker x4  
  164  12:02  Probe  
  164  12:03  Probe x2  
  167  12:11  Nexus  
  167  12:15  Probe x2  
  169  12:25  Pylon  
  169  12:33  Zealot x5  
  169  12:35  Zealot  
  157  12:51  Stalker x2  
  157  12:56  Stalker x3  
  167  13:10  Protoss Ground Armor Level 3 (Chrono Boost)  
  167  13:13  Disruptor  
  167  13:17  Robotics Facility, Probe x2  
  167  13:18  Probe  
  173  13:20  Probe  
  174  13:29  Probe  
  174  13:30  Probe  
  174  13:34  Zealot x2  
  174  13:40  Probe x2  
  174  13:41  Probe x2  
  172  13:49  Zealot x6  
  172  13:50  Zealot x2  
  172  13:55  Zealot x8  
  152  14:02  Disruptor  
  152  14:04  Observer  
  122  14:20  Stalker x4  
  130  14:29  Nexus  
  128  14:39  Disruptor (Chrono Boost)  
  128  14:43  High Templar x4  
  128  14:44  High Templar x4  
  150  14:46  Disruptor (Chrono Boost)  
  150  14:52  Archon x4  
  150  15:00  Photon Cannon  
  147  15:07  Disruptor  
  147  15:14  Disruptor  
  150  15:16  Stalker x8  
  145  15:41  Zealot x8  
  161  15:48  Disruptor (Chrono Boost)  
  162  15:56  Disruptor (Chrono Boost)  
  133  16:06  Pylon  
  133  16:11  Zealot x8  
  143  16:12  Probe x4  
  143  16:13  Probe  
  155  16:28  Colossus (Chrono Boost)  
  155  16:29  Colossus (Chrono Boost)  
  155  16:31  Stalker x2  
  170  16:38  Dark Shrine  
  170  16:40  Stalker  
  172  16:47  Stalker x3  
  172  16:57  Stalker x4  
  172  17:03  Zealot  
  164  17:11  Zealot x3  
  169  17:19  Protoss Shields Level 1, Observer (Chrono Boost)  
  169  17:20  Zealot x2  
  169  17:21  Zealot x2  
  178  17:27  Shield Battery, Photon Cannon  
  178  17:30  Pylon  
  170  17:44  Zealot x5  
  170  17:45  Zealot x3  
  170  17:46  Disruptor x2 (Chrono Boost)  
  192  17:51  Shadow Stride  
  182  18:12  Dark Templar x5  
  190  18:18  Dark Templar  
  192  18:24  Nexus  
  192  18:26  Pylon  
  192  18:34  Nexus  
  192  18:35  Dark Templar  
  174  18:53  Pylon  
  156  19:05  Pylon  
  156  19:07  Pylon  
  156  19:08  Pylon  
  147  19:37  Zealot x3  
  153  19:38  Nexus  
  153  19:40  Nexus  
  153  19:44  Observer  
  153  19:47  Probe (Chrono Boost)  
  150  20:02  Probe  
  149  20:14  Probe  
  146  20:28  Probe (Chrono Boost)  
  147  20:33  Nexus  
  139  20:37  Probe (Chrono Boost)  
  139  20:42  Probe (Chrono Boost)  
  128  20:45  Dark Templar  
  129  20:59  Observer  
  129  21:06  Stalker x3  
  133  21:13  Probe (Chrono Boost)  
  134  21:22  Probe (Chrono Boost)  
  135  21:26  Zealot x3  
  135  21:32  Observer  
  139  21:35  Probe  
  139  21:37  Pylon  
  140  21:42  Observer  
  140  21:44  Probe  
  140  21:51  Probe x3  
  143  21:56  Dark Templar, Probe  
  146  22:03  Probe x2  
  148  22:08  Probe  
Show
View Real Time Build Order
Export as new Build Order

Spirit Terran 

Build Orders:  

Get SALT Encoding   

  12  0:00  SCV  
  13  0:12  SCV  
  14  0:17  Supply Depot  
  14  0:24  SCV  
  15  0:38  SCV  
  15  0:40  Barracks  
  16  0:45  Refinery  
  16  0:51  SCV  
  17  1:03  SCV  
  18  1:15  SCV  
  19  1:27  Marine  
  19  1:28  Orbital Command  
  20  1:44  Command Center  
  20  1:54  Factory  
  20  1:56  SCV  
  21  2:05  Barracks Reactor, Refinery  
  21  2:08  SCV  
  22  2:13  Supply Depot  
  22  2:20  SCV  
  23  2:34  SCV  
  24  2:40  Starport  
  24  2:41  Widow Mine  
  24  2:42  Marine x2  
  28  2:46  SCV  
  29  2:55  Orbital Command  
  29  2:58  SCV  
  29  3:00  Marine  
  29  3:02  Marine  
  29  3:05  Widow Mine  
  34  3:10  SCV  
  35  3:16  Medivac  
  35  3:18  Marine  
  38  3:21  Marine  
  38  3:22  SCV  
  38  3:26  Widow Mine  
  42  3:29  Armory  
  42  3:31  SCV  
  43  3:37  Supply Depot, SCV  
  43  3:38  Marine  
  45  3:43  SCV  
  46  3:52  Factory Tech Lab  
  46  3:57  Supply Depot  
  46  3:58  Marine x2  
  46  3:59  SCV x2  
  46  4:00  Engineering Bay  
  50  4:07  Bunker  
  50  4:11  SCV  
  50  4:16  Marine  
  52  4:25  Thor  
  52  4:26  Marine  
  52  4:27  SCV  
  60  4:33  Medivac  
  62  4:41  Supply Depot  
  62  4:43  Marine  
  62  4:44  SCV x2, Marine  
  64  4:51  Barracks  
  64  4:56  SCV x2  
  64  5:01  Marine  
  64  5:02  Marine  
  66  5:08  SCV x2, Siege Tank  
  66  5:11  Starport Tech Lab  
  67  5:14  Supply Depot  
  67  5:19  Marine x2  
  67  5:20  SCV x2  
  70  5:32  SCV  
  70  5:33  SCV  
  67  5:37  Marine x2  
  67  5:40  Siege Tank  
  72  5:46  SCV  
  72  5:47  SCV  
  57  5:51  Barracks Tech Lab  
  57  5:53  Barracks  
  52  5:58  SCV  
  52  5:59  SCV  
  53  6:05  Refinery  
  53  6:06  Refinery  
  53  6:11  Command Center, Stimpack  
  53  6:12  Siege Tank  
  53  6:14  SCV  
  53  6:17  SCV  
  58  6:22  Marine  
  59  6:26  SCV  
  59  6:29  Barracks  
  59  6:32  SCV, Marine  
  56  6:35  Marine  
  53  6:40  SCV, Marine  
  53  6:44  SCV  
  53  6:45  Barracks Tech Lab  
  55  6:50  Marine  
  55  6:52  SCV  
  55  6:53  Siege Tank  
  60  6:56  SCV  
  60  7:01  Barracks, Terran Infantry Weapons Level 1  
  61  7:04  SCV, Combat Shield  
  61  7:06  Starport Reactor  
  61  7:08  SCV  
  63  7:16  SCV, Marauder  
  63  7:17  Supply Depot  
  63  7:19  Marauder  
  63  7:20  SCV, Marine x2  
  71  7:24  Orbital Command  
  71  7:28  Siege Tank  
  71  7:29  SCV  
  75  7:32  SCV  
  75  7:35  Supply Depot  
  75  7:36  Concussive Shells  
  76  7:37  Drilling Claws  
  76  7:38  Marine x2  
  76  7:41  SCV  
  76  7:43  Supply Depot  
  79  7:45  Marauder, Marine  
  79  7:47  Marine  
  79  7:49  Barracks Reactor  
  83  7:54  Orbital Command  
  83  7:55  SCV x2  
  83  7:56  Marine x2  
  87  8:04  Marauder  
  87  8:05  Marauder  
  94  8:07  Marauder  
  94  8:08  SCV x2  
  98  8:13  Marine  
  98  8:16  Widow Mine  
  98  8:19  Refinery  
  98  8:20  SCV  
  98  8:23  Refinery  
  98  8:25  SCV x2  
  98  8:26  Bunker  
  101  8:27  Bunker  
  101  8:28  Supply Depot  
  101  8:30  Supply Depot, Viking  
  101  8:31  Medivac  
  101  8:33  SCV  
  106  8:37  SCV x2, Widow Mine  
  106  8:39  Marauder x2, Marine  
  115  8:45  SCV  
  116  8:55  Engineering Bay, Armory  
  116  8:56  Ghost Academy  
  116  8:59  SCV x2  
  116  9:00  Medivac  
  116  9:01  SCV, Medivac  
  123  9:12  SCV  
  125  9:17  SCV  
  125  9:18  Barracks Reactor, Command Center  
  125  9:21  Supply Depot  
  125  9:22  Widow Mine x2  
  129  9:27  Terran Infantry Armor Level 1  
  129  9:29  Marine x4  
  129  9:30  Medivac x2  
  137  9:34  Supply Depot  
  137  9:39  Ghost  
  137  9:43  Widow Mine  
  137  9:44  Widow Mine  
  142  9:47  Supply Depot, Marauder, Marine x3  
  147  9:57  Marine  
  147  9:58  Sensor Tower  
  147  9:59  Marine  
  149  10:02  Supply Depot  
  149  10:03  Supply Depot, Medivac x2  
  149  10:04  Marine  
  149  10:05  Marauder, Marine  
  154  10:08  Marauder, Marine  
  157  10:22  Supply Depot  
  157  10:29  Marine x4  
  157  10:30  Marauder x3  
  148  10:47  Marine x4  
  149  10:51  Marauder, Ghost x2  
  149  11:10  Orbital Command  
  140  11:17  Medivac  
  140  11:18  Marine x2  
  140  11:19  Marine  
  140  11:21  Marine  
  140  11:23  Marauder  
  140  11:24  Marauder, Marine  
  140  11:25  Refinery  
  140  11:28  Widow Mine  
  140  11:31  Terran Infantry Weapons Level 2  
  130  11:35  Marine  
  130  11:36  Engineering Bay, Marine  
  130  11:37  Marine  
  130  11:39  Marine  
  132  11:40  Medivac  
  132  11:41  Widow Mine  
  132  11:42  Marine  
  132  11:44  Marine  
  132  11:46  Marauder  
  140  11:47  Supply Depot x3  
  140  11:56  Marine x2  
  140  11:58  Medivac, Marine x2  
  140  11:59  Supply Depot, Widow Mine  
  140  12:00  Supply Depot, Marauder  
  146  12:01  Ghost  
  146  12:03  Terran Infantry Armor Level 2  
  146  12:08  Ghost  
  148  12:09  Widow Mine  
  148  12:14  Marine x2  
  154  12:17  Medivac  
  154  12:21  Marauder  
  155  12:23  Marine  
  155  12:25  SCV  
  155  12:28  Medivac  
  155  12:29  Marine  
  160  12:31  Marauder  
  160  12:32  Marine x2  
  161  12:37  Marauder  
  161  12:41  Marine  
  161  12:43  Marauder  
  148  12:46  Marine  
  148  12:49  Marine x2  
  144  12:52  SCV, Medivac, Marauder  
  144  12:57  SCV  
  150  12:58  Medivac  
  150  12:59  Marauder, Marine  
  150  13:02  Widow Mine x2  
  150  13:04  Marauder, Marine  
  162  13:07  Marine  
  162  13:08  Marine  
  162  13:12  Planetary Fortress  
  164  13:13  SCV, Missile Turret, Marauder  
  164  13:14  Refinery  
  164  13:18  Sensor Tower  
  164  13:19  Marine  
  168  13:20  Marauder  
  168  13:21  SCV  
  168  13:23  SCV, Refinery  
  168  13:26  Marauder, Marine  
  170  13:35  Marauder  
  170  13:36  Marine  
  170  13:37  SCV  
  170  13:39  Marine  
  175  13:41  Marauder  
  175  13:45  Medivac  
  175  13:46  Marine  
  175  13:47  Marauder  
  182  13:49  Marine  
  182  13:51  SCV  
  176  13:56  Marauder  
  176  13:57  Marine  
  176  14:01  Marine  
  176  14:05  Marine  
  176  14:06  Marine  
  176  14:07  Marine  
  158  14:13  Marauder  
  158  14:15  Marine  
  158  14:16  Medivac  
  159  14:21  SCV x3  
  159  14:22  Marine  
  159  14:23  Command Center  
  160  14:43  Ghost x3  
  163  14:48  Widow Mine  
  165  14:56  Marine  
  164  15:08  Marine  
  164  15:11  Ghost  
  164  15:18  Ghost x2  
  167  15:21  Marine  
  167  15:22  Marine x2  
  167  15:26  Marine  
  133  15:39  Marine  
  133  15:40  Marine x2  
  133  15:41  Marauder  
  136  15:43  Marine  
  136  15:44  Medivac x2  
  136  15:47  Marauder x2  
  135  15:57  Marine  
  135  15:58  Marine x2  
  135  16:01  Marine  
  135  16:02  Marine  
  119  16:08  Marine x2  
  119  16:09  SCV  
  119  16:14  Medivac x2, Siege Tank  
  126  16:20  Marauder  
  126  16:22  SCV x2  
  126  16:23  SCV  
  131  16:26  Marauder  
  131  16:27  Marauder  
  131  16:28  Marine  
  131  16:32  Marine  
  137  16:34  SCV x2  
  137  16:37  SCV  
  137  16:38  Marine  
  141  16:41  Marauder  
  138  16:48  Marauder  
  138  16:52  Marauder, Marine  
  138  16:53  Marine  
  135  16:56  Marine  
  135  16:57  Planetary Fortress  
  134  17:01  Marine  
  134  17:05  Marauder  
  128  17:09  Marauder  
  128  17:10  Siege Tank, Marine  
  128  17:11  Marine  
  128  17:13  Missile Turret  
  128  17:14  Marauder, Marine  
  138  17:19  Terran Infantry Weapons Level 3  
  138  17:22  Medivac  
  138  17:23  Medivac  
  138  17:24  SCV  
  138  17:25  Ghost  
  138  17:27  Marine  
  138  17:28  SCV, Missile Turret  
  145  17:32  Ghost  
  144  17:41  Marine  
  144  17:42  Marauder  
  144  17:43  Marine  
  145  17:45  SCV x2  
  145  17:48  SCV, Marine  
  149  17:54  Marauder  
  149  17:57  Marine  
  152  18:01  Marauder  
  152  18:03  Marauder  
  150  18:13  Marine  
  150  18:16  Marauder  
  150  18:17  Marine  
  150  18:19  Marine  
  155  18:20  Marine  
  155  18:22  Viking x2, Marauder  
  155  18:24  Ghost  
  164  18:31  Marine, Orbital Command  
  165  18:35  Marine  
  165  18:36  Ghost  
  153  18:42  Marine  
  153  18:44  Marauder  
  153  18:45  Marine  
  131  18:49  Marine  
  131  18:52  Viking  
  131  18:53  Marauder, Marine  
  137  19:00  Marine  
  138  19:03  Marine  
  138  19:05  Marauder  
  139  19:11  Marine  
  117  19:19  Marauder, Marine  
  117  19:22  Marauder  
  101  19:26  Marine  
  101  19:27  Marine  
  103  19:32  Orbital Command  
  103  19:35  Marine  
  103  19:36  Marine  
  103  19:38  Marine  
  106  19:40  Marine  
  106  19:43  Marine  
  108  19:49  Marine  
  109  19:55  Marauder  
  109  19:57  Marine  
  109  19:59  Marauder  
  99  20:10  Orbital Command  
  99  20:14  Marine  
  100  20:22  Marine  
  98  20:29  Marauder  
  70  20:44  Marauder x2  
  68  20:56  Marauder  
  68  21:02  Siege Tank  
  69  21:10  Marine, Ghost  
  72  21:14  Marine  
  72  21:17  Marine  
  74  21:20  Marine  
  74  21:22  Marauder  
  73  21:30  Marine  
  64  21:34  Siege Tank  
  65  21:41  Marine  
  65  21:42  Marine  
  65  21:46  Marine  
  67  21:50  Marine  
  68  21:55  Marauder  
  68  22:00  Marine  
  71  22:05  Marine  
Tags
 
Add a new tag
Caveats
  • Supply blocks, unpowered buildings, or Contaminate may cause inaccurate times.
  • Supply counts are checked every 10 seconds.